 Dungeon Crawl Stone Soup version 0.31.0-11-ge490571c62 (webtiles) character file.

Game seed: 16277755945285523502

103 qw the Shooter (level 4, -1/22 HPs)
             Began as a Spriggan Hunter on Feb 4, 2024.
             Killed by divine providence
             ... invoked by an orc priest
              (15 damage)
             ... on level 3 of the Dungeon.
             The game lasted 00:00:04 (1709 turns).

qw the Shooter (Spriggan Hunter)                    Turns: 1709, Time: 00:00:05

Health: -1/22      AC:  2    Str:  7    XL:     4   Next: 51%
Magic:  5/5        EV: 20    Int: 10    God:
Gold:   158        SH:  0    Dex: 20    Spells: 3/3 levels left

rFire   . . .        a - +0 shortbow
rCold   . . .        (shield currently unavailable)
rNeg    . . .        c - +0 robe
rPois   .            (helmet restricted)
rElec   .            (no cloak)
rCorr   .            (gloves unavailable)
SInv    +            (boots unavailable)
Will    .....        (no amulet)
Stlth   ++           (no ring)
HPRegen 0.23/turn    (no ring)
MPRegen 0.09/turn

%: no passive effects
@: very quick
A: very small, no large weapons, unfitting armour, see invisible, speed 3
a: no special abilities


You were on level 3 of the Dungeon.
You visited 1 branch of the dungeon, and saw 3 of its levels.

You collected 158 gold pieces.


Innate Abilities, Weirdness & Mutations

You are very small and have problems with some larger weapons.
You are too small for most types of armour.
You have supernaturally acute eyesight. (SInv)
You cover ground extremely quickly. (Speed+++)


   Skills:
 - Level 1.5 Fighting
 - Level 5.1 Ranged Weapons
 + Level 4.9 Dodging
 - Level 1.5 Stealth


You had 3 spell levels left.
You didn't know any spells.
Your spell library was empty.

Inventory:

Hand Weapons
 a - a +0 shortbow (weapon)
Armour
 c - a +0 robe (worn)
Potions
 h - a potion of heal wounds
 i - a potion of haste
 j - a potion of enlightenment

Dungeon Overview and Level Annotations

Branches:
Dungeon (3/15)

Altars:


Message History

Done exploring.
1669 ||| READING scroll labelled FUKOCZ SOIXKO.
As you read the scroll labelled FUKOCZ SOIXKO, it crumbles to dust.
You assume a fearsome visage.
Nothing appears to happen.
It was a scroll of fear.
Done exploring.
1670 ||| DROPPING potion of brilliance.
You drop a potion of brilliance.
Done exploring.
What level of the Dungeon? (default 2, ? - help)
There is a stone staircase leading down here.
You climb downwards.
The orc shouts! x3; The orc priest shouts! x2
There is a stone staircase leading up here.
There are monsters nearby!
Waypoint 2 assigned to D:3.
1700 ||| RETREEEEATING.
1701 ||| RETREEEEATING.
You shoot an arrow. The arrow closely misses the orc.
The arrow hits the orc priest!
The orc priest is heavily wounded.
You shoot an arrow. The arrow completely misses the orc.
The arrow barely misses the orc priest.
You shoot an arrow. The arrow hits the orc.
The orc is severely wounded.
You shoot an arrow. The arrow hits the orc!
You kill the orc!
You shoot an arrow. The arrow hits the orc.
The orc is heavily wounded.
The orc priest invokes the aid of Beogh against you.
Beogh smites you!
You shoot an arrow. The arrow hits the orc.
You kill the orc!
You shoot an arrow. The arrow hits the orc priest!
You kill the orc priest!
The orc misses you.
You shoot an arrow. The arrow barely misses the orc priest.
The orc barely misses you.
The orc priest invokes the aid of Beogh against you.
Beogh smites you!
Ouch! That really hurt!
You die...

##### #..@#
#.oo# #..<#
#............#
...........##..
#.#.........o.
# ####...#.#.##
#...#..o#
#...#####


You could see an orc priest and an orc.

Vanquished Creatures
  An orc priest (D:3)
  3 adders (D:2)
  A dart slug (D:1)
  2 orcs (D:3)
  A ball python (D:2)
  3 bats
  5 endoplasms
  4 giant cockroaches
  2 goblins (D:1)
  4 hobgoblins
  4 jackals (D:1)
  4 frilled lizards
  4 kobolds
  4 rats
42 creatures vanquished.

Notes
Turn   | Place    | Note
-------+----------+-------------------------------------------
     0 | D:1      | qw the Spriggan Hunter began the quest for the Orb.
     0 | D:1      | Reached XP level 1. HP: 10/10 MP: 2/2
     0 | D:1      | 0 ||| qw: Version: 0.3-a-160-g6735b56
     0 | D:1      | 0 ||| qw: Game counter: 4928
     0 | D:1      | 0 ||| qw: Melee chars always use a shield: true
     0 | D:1      | 0 ||| qw: God list: Okawaru
     0 | D:1      | 0 ||| qw: Allow faded altars: false
     0 | D:1      | 0 ||| qw: Do Orc after clearing Dungeon:15 true
     0 | D:1      | 0 ||| qw: Do second Lair branch before Depths: true
     0 | D:1      | 0 ||| qw: Lair rune preference: random
     0 | D:1      | 0 ||| qw: Goals: Normal
     0 | D:1      | 0 ||| PLANNING D:1-11
    93 | D:1      | Reached skill level 3 in Dodging
   253 | D:1      | Reached XP level 2. HP: 14/14 MP: 3/3
   532 | D:1      | Reached XP level 3. HP: 17/18 MP: 4/4
  1202 | D:1      | 1202 ||| READING scroll labelled XIEF OBEUCAS.
  1202 | D:1      | 1202 ||| IDENTIFYING dark potion
  1203 | D:1      | 1203 ||| READING scroll labelled QUEFEN LYKUNUWA.
  1204 | D:1      | 1204 ||| DRINKING 2 fuming ruby potions.
  1205 | D:1      | 1205 ||| DROPPING scroll of butterflies.
  1206 | D:1      | 1206 ||| DROPPING potion of attraction.
  1465 | D:2      | Reached skill level 5 in Ranged Weapons
  1561 | D:2      | Reached XP level 4. HP: 22/22 MP: 5/5
  1664 | D:2      | 1664 ||| DROPPING ring of wizardry.
  1665 | D:2      | 1665 ||| READING 3 scrolls of identify.
  1665 | D:2      | 1665 ||| IDENTIFYING red potion
  1666 | D:2      | 1666 ||| READING 2 scrolls of identify.
  1666 | D:2      | 1666 ||| IDENTIFYING bubbling grey potion
  1667 | D:2      | 1667 ||| READING scroll of identify.
  1667 | D:2      | 1667 ||| IDENTIFYING smoky yellow potion
  1668 | D:2      | 1668 ||| READING scroll labelled LOMOL KEELU.
  1668 | D:2      | 1668 ||| ENCHANTING +0 shortbow.
  1669 | D:2      | 1669 ||| READING scroll labelled FUKOCZ SOIXKO.
  1670 | D:2      | 1670 ||| DROPPING potion of brilliance.
  1700 | D:3      | 1700 ||| RETREEEEATING.
  1701 | D:3      | 1701 ||| RETREEEEATING.
  1709 | D:3      | Killed from afar by an orc priest

Levels and vault maps discovered:
D:1:      lemuel_arrival_broad_hall, layout_basic, serial_forest,
          infiniplex_forest_zigzag_1, infiniplex_forest_zigzag_2,
          infiniplex_forest_straight_2, infiniplex_forest_lined_corner,
          infiniplex_forest_straight_2, infiniplex_forest_end_2,
          infiniplex_forest_straight_2, infiniplex_forest_lined_2,
          infiniplex_forest_clump_curved, interstate_on_off,
          grunt_decor_resistance, minmay_tree_intersection,
          kennysheep_nondescript
D:2:      layout_rooms
D:3:      layout_loops_ring, gammafunk_temple_overflow_wave,
          hangedman_decor_peaks_small

Skill      XL: |  1  2  3 |
---------------+----------+-----
Dodging        | 3 4 |  4.9
Ranged Weapons | 5 |  5.1
Fighting       | |  1.5
Stealth        | |  1.5

Action                     |  1- 3 |  4- 6 || total
---------------------------+-------+-------++-------
   Fire: Shortbow          |    98 |    12 ||   110
    Use: Scroll            |     2 |     5 ||     7
         Potion            |     1 |       ||     1
 Armour: Robe              |     5 |       ||     5
  Dodge: Dodged            |    25 |     2 ||    27

Table legend:
 A = Non-vault XP
 B = Vault XP
 C = Vault XP percentage of total XP
 D = Non-vault monster count
 E = Vault monster count
 F = Vault count percentage of total count
                 A         B        C        D         E       F
            +---------+---------+-------+---------+---------+-------
      Total |     148 |       0 |   0.0 |      42 |       0 |   0.0
            +---------+---------+-------+---------+---------+-------
        D:1 |      46 |       0 |   0.0 |      26 |       0 |   0.0
        D:2 |      55 |       0 |   0.0 |      13 |       0 |   0.0
        D:3 |      47 |       0 |   0.0 |       3 |       0 |   0.0
            +---------+---------+-------+---------+---------+-------
